 Dungeon Crawl Stone Soup version 0.18-a0-1655-ge2d8d33 (console) character file.

56 vogonpoet the Ruffian (level 3, -1/29 HPs)
             Began as a Ghoul Warper on Mar 31, 2016.
             Slain by a kobold
             ... wielding a +0 short sword
              (6 damage)
             ... on level 2 of the Dungeon.
             The game lasted 00:01:58 (983 turns).

vogonpoet the Ruffian (Ghoul Warper)                 Turns: 983, Time: 00:01:59

Health: -1/29      AC:  3    Str: 14    XL:     3   Next: 97%
Magic:  4/4        EV: 11    Int:  9    God:
Gold:   68         SH:  0    Dex:  8    Spells: 1 memorised, 4 levels left

rFire  . . .     SeeInvis .       - Unarmed
rCold  + . .     Gourm    .     a - +0 leather armour
rNeg   + + +     Faith    .     (no shield)
rPois  ∞         Spirit   .     (no helmet)
rElec  .         Dismiss  .     (no cloak)
rCorr  .         Reflect  .     (no gloves)
SustAt .         Harm     .     (no boots)
MR     .....                    e - amulet of rage
Stlth  +.........               (no ring)
                                (no ring)

@: rotting, not resistant to hostile enchantments, very unstealthy
A: rotting body, claws 1, carnivore 3, cold resistance 1, negative energy
resistance 3, slow regeneration 1, torment resistance, unbreathing
a: no special abilities


You were on level 2 of the Dungeon.
You were not hungry.

You visited 1 branch of the dungeon, and saw 2 of its levels.

You collected 68 gold pieces.

Inventory:

Missiles
 d - 5 tomahawks of dispersal (quivered)
 k - 16 arrows
Armour
 a - a +0 leather armour (worn)
Jewellery
 e - an amulet of rage (around neck)
Scrolls
 c - a scroll of blinking
 h - a scroll of remove curse {unknown}
 i - a scroll of identify {unknown}
Potions
 l - a potion of lignification {unknown}
 n - a potion of flight {unknown}
Books
 b - a book of Spatial Translocations

   Spells                             Type                      Level
   a - Apportation                    Translocation                1
   b - Blink                          Translocation                2
   c - Shroud of Golubria             Charms/Translocation         2
   d - Portal Projectile              Translocation                3
   e - Teleport Other                 Translocation                3
   f - Passage of Golubria            Translocation                4
Comestibles
 f - a meat ration
 g - a beef jerky
 j - a royal jelly


   Skills:
 - Level 2.1 Fighting
 - Level 0.8 Throwing
 - Level 0.8 Armour
 - Level 1.7 Dodging
 + Level 4.5 Unarmed Combat
 - Level 1.7 Spellcasting
 - Level 2.6 Translocations


You had 4 spell levels left.
You knew the following spells:

 Your Spells              Type           Power        Failure   Level  Hunger
a - Apportation           Tloc           #.........   14%         1    ##.....


Dungeon Overview and Level Annotations

Branches:
Dungeon (2/15)

Altars:


Innate Abilities, Weirdness & Mutations

Your body is rotting away.
You thrive on raw meat.
You are immune to poison.
You have sharp fingernails.
You are carnivorous and can eat meat at any time.
Your flesh is cold resistant.
You are immune to negative energy.
You regenerate slowly when monsters are visible.
You are immune to unholy pain and torment.
You can survive without breathing.


Message History

You scratch the quokka but do no damage.
The quokka is heavily wounded.
The quokka bites you. The kobold hits you with a short sword.
You scratch the quokka.
You kill the quokka!
The kobold hits you with a short sword.
You scratch the kobold.
The kobold is moderately wounded.
The kobold barely misses you.
You closely miss the kobold.
The kobold is moderately wounded.
You scratch the kobold.
The kobold is severely wounded.
The kobold hits you with a short sword.
* * * LOW HITPOINT WARNING * * *
You are too injured to fight recklessly!
You closely miss the kobold.
The kobold is severely wounded.
The kobold hits you with a short sword.
You die...

#.......#
#......##
#.#.<.##
#.##.## #.##.#
#.##.. #$##>..
########.##.###
......†@K##.#
#####..........
#.#........
#!#.###.### .
#.# .# .. #.# #
## #.# #.#


You could see a kobold.

Vanquished Creatures
  Jessica (D:2)
  A worm (D:2)
  2 bats (D:1)
  A giant cockroach (D:1)
  3 goblins (D:1)
  4 hobgoblins (D:1)
  4 jackals (D:1)
  A quokka (D:2)
  A ball python (D:1)
  4 kobolds (D:1)
  2 rats (D:1)
24 creatures vanquished.

Notes
Turn   | Place    | Note
--------------------------------------------------------------
     0 | D:1      | vogonpoet the Ghoul Warper began the quest for the Orb.
     0 | D:1      | Reached XP level 1. HP: 17/17 MP: 2/2
   233 | D:1      | Reached XP level 2. HP: 19/24 MP: 3/3
   250 | D:1      | Reached skill level 3 in Unarmed Combat
   645 | D:1      | Reached XP level 3. HP: 24/29 MP: 4/4
   966 | D:2      | Noticed Jessica
   970 | D:2      | Killed Jessica
   970 | D:2      | Reached skill level 4 in Unarmed Combat
   983 | D:2      | Slain by a kobold

Vault maps used:
D:1:      eino_arrival_tree_alley
D:2:      wad_pebble_path, first_bread, uniq_jessica, uniq_terence

Skill      XL: |  1  2  3 |
---------------+----------+-----
Unarmed Combat | 3 4 |  4.5
Fighting       | |  2.1
Throwing       | |  0.8
Armour         | |  0.8
Dodging        | |  1.7
Spellcasting   | |  1.7
Translocations | |  2.6

Action                   || total
-------------------------++-------
Melee: Unarmed           ||   103
  Eat: Chunk             ||     9
